Map: Royal Blood LE

Players

Gerald

  • Race: Protoss Protoss
  • Spawn Location: 1:00

RagnaroK (SHIN) - Winner!

  • Race: Zerg Zerg
  • Spawn Location: 7:00

Event: ESL SC2 Masters 2023 Summer (Finals)

VOD

Have the link to the VOD?

Description

Time

  • Played on: June 16, 2023, 10 a.m.
  • Length: 12:35

All games in this series

Show
View Real Time Build Order
Export as new Build Order

Gerald Protoss 

Build Orders: 1 Gate Expand, Oracle Opening, Phoenix Opening, Zealot Archon 

Get SALT Encoding   

  12  0:00  Probe  
  13  0:12  Probe  
  14  0:17  Pylon  
  14  0:24  Probe (Chrono Boost)  
  16  0:36  Gateway  
  16  0:37  Probe (Chrono Boost)  
  16  0:42  Probe (Chrono Boost)  
  16  0:45  Assimilator  
  17  0:51  Probe  
  18  1:04  Probe  
  19  1:16  Probe  
  20  1:22  Nexus  
  20  1:29  Cybernetics Core  
  20  1:34  Assimilator  
  20  1:37  Probe  
  21  1:44  Pylon  
  21  1:49  Probe  
  22  2:01  Probe  
  22  2:02  Adept (Chrono Boost)  
  25  2:10  Stargate  
  25  2:13  Probe  
  26  2:18  Warp Gate  
  26  2:25  Adept (Chrono Boost)  
  26  2:26  Probe  
  29  2:32  Gateway  
  29  2:35  Probe  
  30  2:39  Probe  
  31  2:47  Probe  
  31  2:51  Gateway  
  32  2:52  Probe  
  32  2:58  Oracle (Chrono Boost)  
  33  3:02  Probe  
  38  3:05  Probe  
  38  3:16  Probe  
  39  3:21  Probe  
  39  3:25  Phoenix (Chrono Boost)  
  39  3:26  Pylon  
  42  3:28  Probe  
  42  3:33  Probe  
  44  3:40  Probe, Pylon  
  45  3:47  Oracle  
  48  3:50  Probe  
  47  3:58  Probe  
  47  4:02  Pylon  
  47  4:05  Probe  
  47  4:07  Adept x3  
  52  4:10  Probe  
  52  4:13  Shield Battery  
  54  4:17  Probe  
  54  4:21  Pylon  
  54  4:25  Nexus, Pylon  
  54  4:36  Pylon  
  54  4:38  Assimilator  
  54  4:39  Probe x2  
  54  4:40  Assimilator  
  54  4:43  Adept x3  
  62  4:56  Probe  
  62  4:58  Probe  
  64  5:01  Forge x2  
  64  5:08  Probe, Pylon  
  64  5:10  Probe  
  64  5:11  Twilight Council  
  66  5:15  Adept x2  
  66  5:18  Adept  
  72  5:24  Probe  
  72  5:27  Probe  
  70  5:51  Protoss Ground Armor Level 1 (Chrono Boost)  
  70  5:53  Probe (Chrono Boost)  
  70  5:56  Blink  
  63  5:59  Probe x2 (Chrono Boost)  
  63  6:01  Protoss Ground Weapons Level 1 (Chrono Boost)  
  63  6:03  Probe (Chrono Boost)  
  64  6:04  Stalker x3  
  64  6:07  Probe x2 (Chrono Boost)  
  64  6:08  Probe (Chrono Boost)  
  73  6:17  Probe  
  73  6:18  Probe  
  73  6:20  Probe  
  73  6:21  Oracle  
  71  6:27  Adept, Shield Battery  
  71  6:28  Adept x2  
  71  6:29  Probe  
  71  6:30  Probe  
  71  6:32  Probe  
  79  6:37  Assimilator  
  79  6:40  Assimilator  
  79  6:42  Probe x2  
  79  6:44  Pylon, Templar Archives  
  79  6:45  Gateway  
  79  6:46  Probe  
  82  6:54  Probe x2  
  83  6:57  Pylon  
  83  6:58  Probe  
  85  7:06  Probe x2  
  87  7:10  Probe  
  87  7:13  Stalker  
  87  7:14  Psionic Storm, Stalker x2  
  90  7:18  Probe  
  91  7:24  Probe  
  91  7:27  Probe  
  93  7:31  Gateway  
  93  7:32  Gateway  
  93  7:33  Photon Cannon  
  93  7:35  Gateway  
  93  7:36  Probe  
  94  7:38  Probe  
  94  7:39  Probe  
  94  7:42  Protoss Ground Weapons Level 2 (Chrono Boost)  
  94  7:43  Protoss Ground Armor Level 2 (Chrono Boost)  
  96  7:45  Stalker x2  
  96  7:47  High Templar x2  
  96  7:48  Probe  
  105  7:53  Archon  
  105  7:54  Probe  
  105  7:56  Pylon  
  106  7:58  Pylon  
  106  8:00  Pylon  
  106  8:03  Pylon  
  106  8:04  Nexus, Pylon  
  106  8:12  High Templar, Pylon  
  108  8:20  Photon Cannon  
  108  8:21  Pylon  
  108  8:22  High Templar  
  108  8:23  Stalker  
  108  8:24  Probe x2  
  108  8:27  Photon Cannon, Shield Battery  
  114  8:31  Pylon  
  114  8:37  Gateway  
  114  8:40  High Templar x2, Stalker  
  120  8:42  Gateway x2  
  120  8:43  Probe x2  
  120  8:45  Probe  
  123  8:51  Gateway  
  123  8:53  Archon, Assimilator  
  123  8:55  Probe  
  123  8:56  Stalker x4  
  129  9:03  Stalker  
  129  9:07  Photon Cannon  
  129  9:08  Shield Battery  
  132  9:19  Assimilator  
  132  9:24  Gateway  
  131  9:25  Gateway  
  131  9:28  Stalker x5  
  141  9:37  Stalker x3  
  147  9:47  Zealot  
  147  9:53  Zealot x5  
  147  9:56  Archon  
  155  10:10  Stalker x2  
  155  10:12  Charge  
  155  10:20  Stalker x2  
  143  10:24  Probe x2  
  143  10:25  Probe  
  142  10:30  Probe  
  142  10:33  Pylon  
  142  10:34  Assimilator  
  143  10:38  Void Ray (Chrono Boost)  
  143  10:40  Gateway  
  143  10:41  Gateway  
  143  10:43  Gateway  
  143  10:44  Gateway  
  143  10:45  High Templar x4, Forge, Shield Battery  
  151  10:51  Shield Battery  
  151  11:14  Gateway  
  144  11:25  Zealot  
  144  11:26  Zealot x2  
  144  11:37  Photon Cannon  
  142  11:40  Fleet Beacon  
  140  11:52  Stargate  
  140  11:54  Pylon  
  140  11:57  Pylon  
  140  12:00  Nexus  
  140  12:01  Nexus, Pylon x2  
  140  12:03  Pylon  
  140  12:15  Nexus  
  140  12:17  Pylon, Stalker x4  
  140  12:20  Zealot x3  
  149  12:26  Archon  
Show
View Real Time Build Order
Export as new Build Order

RagnaroK Zerg - Winner!

Build Orders: Hatch First, Lurkers 

Get SALT Encoding   

  12  0:00  Drone  
  13  0:07  Drone  
  14  0:16  Overlord  
  14  0:37  Drone x2  
  16  0:46  Hatchery  
  15  0:51  Drone  
  15  0:55  Drone  
  17  0:59  Drone  
  18  1:08  Extractor  
  17  1:13  Spawning Pool  
  17  1:16  Drone  
  17  1:21  Drone  
  18  1:31  Drone  
  19  1:42  Drone  
  20  1:53  Drone  
  21  2:00  Queen x2  
  21  2:01  Zergling x2  
  26  2:03  Zergling x2  
  27  2:14  Overlord, Metabolic Boost  
  27  2:16  Drone  
  28  2:30  Hatchery, Drone  
  28  2:32  Drone  
  29  2:38  Drone x2  
  29  2:43  Overlord  
  31  2:49  Queen  
  33  2:56  Drone  
  34  2:59  Drone x2  
  34  3:01  Spore Crawler  
  34  3:03  Drone  
  36  3:10  Drone  
  36  3:11  Zergling x2  
  36  3:12  Zergling x4  
  40  3:15  Zergling x2  
  40  3:18  Queen  
  42  3:22  Zergling x2  
  43  3:29  Overlord  
  43  3:39  Overlord  
  43  3:41  Queen  
  43  3:42  Drone  
  43  3:43  Drone x3  
  43  3:46  Overlord  
  50  3:48  Drone  
  50  3:49  Drone  
  50  3:53  Drone  
  50  3:54  Queen  
  54  3:56  Drone  
  54  4:06  Drone x4  
  54  4:09  Drone  
  59  4:10  Evolution Chamber  
  59  4:11  Spore Crawler  
  59  4:12  Drone  
  59  4:14  Overlord  
  57  4:18  Drone  
  57  4:21  Queen  
  57  4:23  Drone  
  61  4:24  Drone  
  62  4:32  Overlord  
  62  4:33  Drone  
  62  4:34  Drone x2  
  62  4:35  Drone  
  62  4:38  Overlord  
  66  4:40  Overlord  
  66  4:42  Zerg Melee Weapons Level 1  
  66  4:46  Extractor  
  66  4:50  Drone x6  
  69  4:52  Drone  
  69  4:53  Drone  
  69  4:55  Zergling x2  
  70  5:00  Zergling x6  
  70  5:03  Drone x2  
  75  5:07  Baneling Nest  
  75  5:09  Drone x3  
  77  5:17  Zergling x8  
  81  5:24  Hatchery  
  81  5:26  Zergling x8  
  81  5:28  Zergling x2  
  84  5:31  Lair  
  84  5:34  Zergling x8  
  87  5:40  Zergling x4  
  87  5:41  Overlord  
  87  5:42  Overlord  
  89  5:45  Overlord, Drone  
  89  5:49  Drone  
  87  5:50  Drone  
  87  5:51  Drone  
  87  5:54  Drone  
  87  5:55  Overlord  
  90  6:00  Drone  
  90  6:01  Drone x3  
  90  6:03  Drone  
  92  6:04  Drone  
  92  6:07  Drone  
  93  6:14  Drone x4  
  93  6:17  Extractor x2  
  93  6:18  Extractor  
  91  6:19  Drone x2  
  91  6:23  Drone x3  
  92  6:27  Zergling x4  
  92  6:32  Zergling x8, Hydralisk Den  
  95  6:36  Spore Crawler  
  95  6:37  Drone x2  
  95  6:38  Zerg Melee Weapons Level 2  
  95  6:41  Drone x2  
  95  6:42  Drone x2  
  95  6:45  Overseer  
  95  6:46  Zergling x4  
  101  6:51  Zergling x8  
  105  6:58  Drone x2, Spore Crawler  
  105  7:00  Overlord  
  106  7:02  Zergling x8  
  106  7:04  Muscular Augments  
  106  7:06  Drone  
  106  7:08  Overlord  
  109  7:12  Zergling x10  
  111  7:19  Drone  
  111  7:20  Drone  
  111  7:21  Drone, Zergling x2  
  111  7:22  Zergling x4, Baneling x2  
  113  7:23  Baneling x4  
  113  7:27  Hydralisk x3  
  113  7:29  Overlord  
  119  7:33  Drone x2  
  119  7:35  Hydralisk x5  
  119  7:36  Hydralisk  
  133  7:42  Hydralisk  
  134  7:49  Hydralisk  
  134  7:50  Hydralisk  
  133  7:53  Drone x2  
  133  7:56  Overlord  
  133  7:58  Overlord  
  135  8:00  Overlord  
  135  8:02  Hydralisk x3  
  135  8:03  Hatchery  
  140  8:07  Pneumatized Carapace  
  140  8:10  Zergling x8  
  140  8:11  Overlord  
  140  8:12  Overlord x2, Overseer  
  144  8:15  Grooved Spines  
  144  8:20  Hydralisk  
  144  8:21  Zergling x14  
  153  8:27  Zergling x2  
  153  8:28  Zergling x10  
  158  8:34  Zergling x2  
  158  8:35  Extractor, Zergling x14  
  158  8:39  Baneling x13  
  165  8:42  Zergling x6  
  168  8:50  Centrifugal Hooks  
  168  8:53  Zergling x2  
  168  8:54  Zergling x14  
  175  9:00  Zergling x12  
  178  9:08  Hydralisk  
  178  9:09  Zergling x10  
  181  9:16  Zergling x10  
  182  9:18  Zerg Missile Weapons Level 1  
  182  9:20  Infestation Pit  
  182  9:22  Baneling x3  
  182  9:23  Baneling, Zergling x12  
  187  9:28  Drone x2  
  187  9:30  Overlord  
  189  9:31  Extractor  
  189  9:32  Overlord  
  189  9:34  Overlord  
  189  9:35  Lurker Den  
  189  9:38  Extractor, Zergling x10  
  180  9:48  Hydralisk  
  180  9:49  Zergling x18  
  189  9:57  Hydralisk, Zergling x14  
  189  10:02  Hive  
  189  10:04  Drone  
  189  10:05  Drone  
  189  10:06  Zergling x4  
  183  10:11  Hydralisk  
  183  10:12  Zergling x8  
  170  10:17  Zergling x10  
  156  10:22  Zergling x10  
  156  10:23  Zergling x2  
  156  10:28  Zergling x10  
  163  10:32  Drone x2  
  164  10:39  Overseer  
  164  10:41  Lurker  
  164  10:42  Lurker x9  
  173  10:45  Hydralisk  
  173  10:46  Zergling x8  
  173  10:49  Hydralisk, Zergling x2  
  182  10:53  Overseer  
  182  10:56  Zergling x14  
  189  11:01  Drone x2  
  189  11:02  Evolution Chamber  
  189  11:04  Hydralisk x2  
  190  11:07  Overlord  
  190  11:10  Hydralisk  
  190  11:11  Hydralisk x2  
  194  11:16  Overlord  
  198  11:19  Hydralisk  
  198  11:23  Overlord  
  198  11:24  Seismic Spines  
  196  11:26  Hydralisk  
  196  11:30  Overseer  
  196  11:31  Hydralisk x2  
  189  11:39  Hydralisk  
  182  11:40  Zergling x18  
  186  11:49  Drone x3  
  189  11:57  Lurker x3  
  189  11:58  Lurker  
  189  12:00  Hydralisk  
  194  12:08  Hatchery  
  194  12:09  Hydralisk x3  
Tags
 
Add a new tag
Caveats
  • Supply blocks, unpowered buildings, or Contaminate may cause inaccurate times.
  • Supply counts are checked every 10 seconds.